| TOP OF THE 1ST |
|
Albuquerque Dukes batting - Pitching for El Paso Sun Kings : LHP Calvin Riggar
|
|
Pitching: LHP Calvin Riggar
|
|
|
Batting: RHB Aaron Cain
|
0-0: Ball 1-0: Ground out 5-3 (Groundball, 56, EV 100.0 MPH)
|
|
Batting: LHB Dave Yobs
|
0-0: Foul Ball, location: 2F 0-1: Fly out, F7 (Flyball, 7, EV 73.8 MPH)
|
|
Batting: SHB Spike Owen
|
0-0: Called Strike 0-1: Ball 1-1: Swinging Strike 1-2: Foul Ball, location: 2F 1-2: Ball 2-2: Foul Ball, location: 2F 2-2: Ball 3-2: Strikes out swinging
|
| Top of the 1st over - 0 runs, 0 hits, 0 errors, 0 left on base; Albuquerque 0 - El Paso 0 |
| BOTTOM OF THE 1ST |
|
El Paso Sun Kings batting - Pitching for Albuquerque Dukes : RHP Peter Chapin
|
|
Pitching: RHP Peter Chapin
|
|
|
Batting: LHB Stanley Hendrickson
|
0-0: Ball 1-0: Ball 2-0: Ball 3-0: Called Strike 3-1: Called Strike 3-2: Strikes out looking
|
|
Batting: LHB Franklin Lopez
|
0-0: Swinging Strike 0-1: Fly out, F9 (Flyball, 9S, EV 81.3 MPH)
|
|
Batting: LHB Scott Bradley
|
0-0: Ball 1-0: Swinging Strike 1-1: Fly out, F8 (Flyball, 8LD, EV 95.0 MPH)
|
| Bottom of the 1st over - 0 runs, 0 hits, 0 errors, 0 left on base; Albuquerque 0 - El Paso 0 |
| TOP OF THE 2ND |
|
Albuquerque Dukes batting - Pitching for El Paso Sun Kings : LHP Calvin Riggar
|
|
Batting: RHB Jeffrey Ronk
|
0-0: Swinging Strike 0-1: Called Strike 0-2: Ball 1-2: Ball 2-2: Foul Ball, location: 2F 2-2: SINGLE (Groundball, 4MD, EV 85.0 MPH) (infield hit)
|
|
Batting: RHB John Hanley
|
0-0: Foul Ball, location: 2F 0-1: Ball 1-1: Ball 2-1: Ball 3-1: Base on Balls Jeffrey Ronk to second
|
|
Batting: RHB George Foussianes
|
0-0: Called Strike 0-1: Foul Ball, location: 2F 0-2: Strikes out swinging
|
|
Batting: LHB Andres Romero
|
0-0: Foul Ball, location: 2F 0-1: Ball 1-1: Ground out 3-1 (Groundball, 34S, EV 63.1 MPH) Jeffrey Ronk to third John Hanley to second
|
|
Batting: RHB Edward Gates
|
0-0: Ball 1-0: Called Strike 1-1: Ball 2-1: Ball 3-1: Ground out 6-3 (Groundball, 6, EV 102.5 MPH)
|
| Top of the 2nd over - 0 runs, 1 hit, 0 errors, 2 left on base; Albuquerque 0 - El Paso 0 |
| BOTTOM OF THE 2ND |
|
El Paso Sun Kings batting - Pitching for Albuquerque Dukes : RHP Peter Chapin
|
|
Batting: RHB Chuckie Canady
|
0-0: Foul Ball, location: 2F 0-1: Ground out 6-3 (Groundball, 6M, EV 101.9 MPH)
|
|
Batting: RHB Jon Hansen
|
0-0: Ball 1-0: DOUBLE (Flyball, 8RXD, EV 102.5 MPH)
|
|
Pinch Runner at 2nd Jimmy Waugh:
|
|
|
Batting: SHB Danny Torres
|
0-0: Ball 1-0: DOUBLE (Flyball, 8LXD, EV 98.8 MPH) Jimmy Waugh scores
|
|
Batting: RHB Mike Anicich
|
0-0: Ball 1-0: Swinging Strike 1-1: Swinging Strike 1-2: DOUBLE (Line Drive, 89D, EV 100.0 MPH) Danny Torres scores
|
|
Batting: RHB Carlos Rios
|
0-0: Called Strike 0-1: Ball 1-1: Ball 2-1: Ball 3-1: Called Strike 3-2: SINGLE (Groundball, 34S, EV 60.6 MPH) (infield hit) Mike Anicich to third
|
|
Batting: RHB Lance Ediger
|
0-0: Ball Carlos Rios is caught stealing 2nd base 2-4 1-0: Foul Ball, location: 2F 1-1: Swinging Strike 1-2: Strikes out looking
|
| Bottom of the 2nd over - 2 runs, 4 hits, 0 errors, 1 left on base; Albuquerque 0 - El Paso 2 |
| TOP OF THE 3RD |
|
Albuquerque Dukes batting - Pitching for El Paso Sun Kings : LHP Calvin Riggar
|
|
Now in CF: Jimmy Waugh
|
|
|
Batting: LHB Matthew Henderson
|
0-0: Ball 1-0: Ball 2-0: Ball 3-0: Base on Balls
|
|
Batting: RHB Aaron Cain
|
0-0: Called Strike 0-1: Swinging Strike 0-2: Ball 1-2: Strikes out swinging
|
|
Batting: LHB Dave Yobs
|
0-0: Ball 1-0: Swinging Strike Passed Ball! Matthew Henderson to second 1-1: Ball 2-1: Ground out 3-1 (Groundball, 34, EV 86.9 MPH) Matthew Henderson to third
|
|
Batting: SHB Spike Owen
|
0-0: Ball 1-0: Ball 2-0: Ball 3-0: Base on Balls
|
|
Batting: RHB Jeffrey Ronk
|
0-0: Foul Ball, location: 2F 0-1: Fly out, F4 (Flyball, 3D, EV 85.0 MPH)
|
| Top of the 3rd over - 0 runs, 0 hits, 0 errors, 2 left on base; Albuquerque 0 - El Paso 2 |
| BOTTOM OF THE 3RD |
|
El Paso Sun Kings batting - Pitching for Albuquerque Dukes : RHP Peter Chapin
|
|
Batting: LHB Stanley Hendrickson
|
0-0: Ball 1-0: Ball 2-0: Called Strike 2-1: Swinging Strike 2-2: Ball 3-2: Foul Ball, location: 2F 3-2: Base on Balls
|
|
Batting: LHB Franklin Lopez
|
0-0: Called Strike 0-1: Ball 1-1: Foul Ball, location: 2F 1-2: SINGLE (Line Drive, 8LS, EV 110.6 MPH) Stanley Hendrickson to second
|
|
Batting: LHB Scott Bradley
|
0-0: Called Strike 0-1: Foul Ball, location: 2F 0-2: Ball 1-2: TRIPLE (Flyball, 89XD, EV 98.8 MPH) Stanley Hendrickson scores Franklin Lopez scores
|
|
Batting: RHB Chuckie Canady
|
0-0: Ball 1-0: Foul Ball, location: 2F 1-1: Ground out 6-3 (Groundball, 6S, EV 78.1 MPH) Scott Bradley scores
|
|
Batting: RHB Jimmy Waugh
|
0-0: SINGLE (Groundball, 6MD, EV 105.0 MPH)
|
|
Batting: SHB Danny Torres
|
0-0: Ball 1-0: Foul Ball, location: 2F 1-1: Ball 2-1: Ball 3-1: Base on Balls Jimmy Waugh to second
|
|
Batting: RHB Mike Anicich
|
0-0: Called Strike 0-1: Ball 1-1: Fly out, F6 (Popup, P, EV 80.6 MPH)
|
|
Batting: RHB Carlos Rios
|
0-0: Fielders Choice at 2nd, 5-4 (Groundball, 56, EV 88.8 MPH)
|
| Bottom of the 3rd over - 3 runs, 3 hits, 0 errors, 2 left on base; Albuquerque 0 - El Paso 5 |
| TOP OF THE 4TH |
|
Albuquerque Dukes batting - Pitching for El Paso Sun Kings : LHP Calvin Riggar
|
|
Batting: RHB John Hanley
|
0-0: Called Strike 0-1: Ball 1-1: Swinging Strike 1-2: Ball 2-2: Strikes out looking
|
|
Batting: RHB George Foussianes
|
0-0: SINGLE (Line Drive, 4M, EV 101.3 MPH)
|
|
Batting: LHB Andres Romero
|
0-0: Called Strike 0-1: Foul Ball, location: 2F 0-2: Foul Ball, location: 2F 0-2: Ball 1-2: Foul Ball, location: 2F 1-2: Fielders Choice at 2nd, 4-6 (Groundball, 4, EV 87.5 MPH)
|
|
Batting: RHB Edward Gates
|
0-0: Called Strike 0-1: Swinging Strike 0-2: Fly out, F8 (Line Drive, 8LM, EV 91.9 MPH)
|
| Top of the 4th over - 0 runs, 1 hit, 0 errors, 1 left on base; Albuquerque 0 - El Paso 5 |
| BOTTOM OF THE 4TH |
|
El Paso Sun Kings batting - Pitching for Albuquerque Dukes : RHP Peter Chapin
|
|
Batting: RHB Lance Ediger
|
0-0: Ground out 5-3 (Groundball, 5, EV 83.1 MPH)
|
|
Batting: LHB Stanley Hendrickson
|
0-0: Foul Ball, location: 2F 0-1: Swinging Strike 0-2: Foul Ball, location: 2F 0-2: Ball 1-2: Ball 2-2: Foul Ball, location: 2F 2-2: Foul Ball, location: 2F 2-2: SINGLE (Flyball, 34D, EV 86.9 MPH)
|
|
Batting: LHB Franklin Lopez
|
0-0: Ball Stanley Hendrickson steals 2nd base 1-0: Ball Stanley Hendrickson steals 3rd base (no throw) 2-0: 2-RUN HOME RUN (Flyball, 89XD, EV 105.0 MPH), Distance : 402 ft
|
|
Pitching: RHP Kevin Carcella
|
|
|
Batting: LHB Scott Bradley
|
0-0: Called Strike 0-1: Called Strike 0-2: Ball 1-2: Foul Ball, location: 2F 1-2: Ground out 6-3 (Groundball, 6, EV 84.4 MPH)
|
|
Batting: RHB Chuckie Canady
|
0-0: Ball 1-0: Ball 2-0: Foul Ball, location: 2F 2-1: Swinging Strike 2-2: Foul Ball, location: 2F 2-2: Foul Ball, location: 2F 2-2: Ball 3-2: Strikes out swinging
|
| Bottom of the 4th over - 2 runs, 2 hits, 0 errors, 0 left on base; Albuquerque 0 - El Paso 7 |
| TOP OF THE 5TH |
|
Albuquerque Dukes batting - Pitching for El Paso Sun Kings : LHP Calvin Riggar
|
|
Batting: LHB Matthew Henderson
|
0-0: Swinging Strike 0-1: Ball 1-1: Foul Ball, location: 2F 1-2: Strikes out swinging
|
|
Batting: RHB Aaron Cain
|
0-0: Called Strike 0-1: Called Strike 0-2: Ball 1-2: Ground out 4-3 (Groundball, 4MD, EV 86.9 MPH)
|
|
Batting: LHB Dave Yobs
|
0-0: Ball 1-0: Ball 2-0: Called Strike 2-1: Foul Ball, location: 2F 2-2: Ground out 4-3 (Groundball, 4M, EV 108.8 MPH)
|
| Top of the 5th over - 0 runs, 0 hits, 0 errors, 0 left on base; Albuquerque 0 - El Paso 7 |
| BOTTOM OF THE 5TH |
|
El Paso Sun Kings batting - Pitching for Albuquerque Dukes : RHP Kevin Carcella
|
|
Batting: RHB Jimmy Waugh
|
0-0: Ball 1-0: Ball 2-0: Ball 3-0: Called Strike 3-1: Called Strike 3-2: Strikes out looking
|
|
Batting: SHB Danny Torres
|
0-0: Ball 1-0: Ball 2-0: Ball 3-0: Foul Ball, location: 2F 3-1: Fly out, F6 (Flyball, 5D, EV 76.9 MPH)
|
|
Batting: RHB Mike Anicich
|
0-0: Called Strike 0-1: Ball 1-1: Ball 2-1: Called Strike 2-2: Strikes out looking
|
| Bottom of the 5th over - 0 runs, 0 hits, 0 errors, 0 left on base; Albuquerque 0 - El Paso 7 |
| TOP OF THE 6TH |
|
Albuquerque Dukes batting - Pitching for El Paso Sun Kings : LHP Calvin Riggar
|
|
Batting: SHB Spike Owen
|
0-0: Called Strike 0-1: Foul Ball, location: 2F 0-2: Ball 1-2: Ball 2-2: SINGLE (Groundball, 5S, EV 70.6 MPH) (infield hit)
|
|
Batting: RHB Jeffrey Ronk
|
0-0: Ball 1-0: Ball 2-0: Ball 3-0: Called Strike 3-1: Grounds into double play, 6-4-3 (Groundball, 6, EV 85.0 MPH)
|
|
Batting: RHB John Hanley
|
0-0: Ball 1-0: Ball 2-0: Ball 3-0: Called Strike 3-1: Ground out 5-3 (Groundball, 56S, EV 70.0 MPH)
|
| Top of the 6th over - 0 runs, 1 hit, 0 errors, 0 left on base; Albuquerque 0 - El Paso 7 |
| BOTTOM OF THE 6TH |
|
El Paso Sun Kings batting - Pitching for Albuquerque Dukes : RHP Kevin Carcella
|
|
Batting: RHB Carlos Rios
|
0-0: Called Strike 0-1: Foul Ball, location: 2F 0-2: Ground out U3 (Groundball, 3, EV 90.6 MPH)
|
|
Batting: RHB Lance Ediger
|
0-0: Ball 1-0: Foul Ball, location: 2F 1-1: Ball 2-1: Ball 3-1: Base on Balls
|
|
Batting: LHB Stanley Hendrickson
|
0-0: Ball 1-0: Called Strike 1-1: Reached on error, E6 (Flyball, 6D, EV 86.9 MPH) Lance Ediger to second
|
|
Batting: LHB Franklin Lopez
|
0-0: Swinging Strike 0-1: Ball Lance Ediger steals 3rd base Stanley Hendrickson to second 1-1: Ball 2-1: Swinging Strike 2-2: Foul Ball, location: 2F 2-2: Ball 3-2: Foul Ball, location: 2F 3-2: Base on Balls
|
|
Batting: LHB Scott Bradley
|
0-0: DOUBLE (Flyball, 78XD, EV 101.9 MPH) Lance Ediger scores Stanley Hendrickson scores Franklin Lopez to third
|
|
Batting: RHB Chuckie Canady
|
0-0: Called Strike 0-1: Ball 1-1: Ball 2-1: Swinging Strike 2-2: Strikes out swinging
|
|
Batting: RHB Jimmy Waugh
|
0-0: Called Strike 0-1: Called Strike 0-2: Foul Ball, location: 2F 0-2: Ball 1-2: Strikes out swinging
|
| Bottom of the 6th over - 2 runs, 1 hit, 1 error, 2 left on base; Albuquerque 0 - El Paso 9 |
| TOP OF THE 7TH |
|
Albuquerque Dukes batting - Pitching for El Paso Sun Kings : LHP Calvin Riggar
|
|
Pinch Hitting: RHB Kevin Harvey
|
0-0: Swinging Strike 0-1: Ground out 5-3 (Groundball, 5L, EV 96.3 MPH)
|
|
Batting: LHB Andres Romero
|
0-0: Swinging Strike 0-1: Ball 1-1: Ball 2-1: Called Strike 2-2: Ball 3-2: Strikes out swinging
|
|
Batting: RHB Edward Gates
|
0-0: Swinging Strike 0-1: Called Strike 0-2: Ball 1-2: Strikes out swinging
|
| Top of the 7th over - 0 runs, 0 hits, 0 errors, 0 left on base; Albuquerque 0 - El Paso 9 |
| BOTTOM OF THE 7TH |
|
El Paso Sun Kings batting - Pitching for Albuquerque Dukes : RHP Kevin Carcella
|
|
Now at 1B: Kevin Harvey
|
|
|
Pinch Hitting: RHB Bradley Baker
|
0-0: Called Strike 0-1: Called Strike 0-2: Ball 1-2: Ball 2-2: Foul Ball, location: 2F 2-2: Foul Ball, location: 2F 2-2: Strikes out swinging
|
|
Batting: RHB Mike Anicich
|
0-0: Called Strike 0-1: Foul Ball, location: 2F 0-2: Ball 1-2: Ball 2-2: Foul Ball, location: 2F 2-2: Ball 3-2: Foul Ball, location: 2F 3-2: Base on Balls
|
|
Pitching: RHP Michael Tancredi
|
|
|
Batting: RHB Carlos Rios
|
0-0: Ball 1-0: Called Strike 1-1: TRIPLE (Line Drive, 89XD, EV 107.5 MPH) Mike Anicich scores
|
|
Batting: RHB Lance Ediger
|
0-0: SINGLE (Groundball, 4S, EV 66.3 MPH) (infield hit) Carlos Rios scores
|
|
Batting: LHB Stanley Hendrickson
|
0-0: Called Strike 0-1: Foul Ball, location: 2F 0-2: SINGLE (Line Drive, 4MD, EV 97.5 MPH) Lance Ediger to second
|
|
Pinch Hitting: RHB William Cline
|
0-0: Called Strike 0-1: Foul Ball, location: 2F 0-2: Ball 1-2: Foul Ball, location: 2F 1-2: Strikes out looking
|
|
Batting: LHB Scott Bradley
|
0-0: Fly out, F6 (Popup, 6MS, EV 80.0 MPH)
|
| Bottom of the 7th over - 2 runs, 3 hits, 0 errors, 2 left on base; Albuquerque 0 - El Paso 11 |
| TOP OF THE 8TH |
|
Albuquerque Dukes batting - Pitching for El Paso Sun Kings : LHP Calvin Riggar
|
|
Now at 3B: Bradley Baker
|
|
|
Now in RF: William Cline
|
|
|
Batting: LHB Matthew Henderson
|
0-0: Ball 1-0: Ground out U3 (Groundball, 34, EV 85.0 MPH)
|
|
Batting: RHB Aaron Cain
|
0-0: Called Strike 0-1: Reached on error, E5 (Groundball, 56S, EV 71.9 MPH)
|
|
Batting: LHB Dave Yobs
|
0-0: Called Strike 0-1: Swinging Strike 0-2: SINGLE (Groundball, 56D, EV 104.4 MPH) Aaron Cain to second
|
|
Batting: SHB Spike Owen
|
0-0: Ball 1-0: Ball 2-0: Foul Ball, location: 2F 2-1: Ball 3-1: Base on Balls Aaron Cain to third Dave Yobs to second
|
|
Batting: RHB Jeffrey Ronk
|
0-0: Called Strike 0-1: SINGLE (Line Drive, 7LS, EV 93.8 MPH) Aaron Cain scores Dave Yobs to third Spike Owen to second Runner from 3rd tries for Home, SAFE, throw by LF to home
|
|
Batting: RHB John Hanley
|
0-0: Ball 1-0: Called Strike 1-1: Grounds into double play, 6-4-3 (Groundball, 6, EV 104.4 MPH)
|
| Top of the 8th over - 2 runs, 2 hits, 1 error, 1 left on base; Albuquerque 2 - El Paso 11 |
| BOTTOM OF THE 8TH |
|
El Paso Sun Kings batting - Pitching for Albuquerque Dukes : RHP Michael Tancredi
|
|
Batting: RHB Chuckie Canady
|
0-0: Ball 1-0: Ball 2-0: Ball 3-0: Base on Balls
|
|
Batting: RHB Jimmy Waugh
|
0-0: Ball 1-0: Called Strike 1-1: Ball 2-1: Swinging Strike 2-2: Fielders Choice at 2nd, 6-4 (Groundball, 6, EV 88.8 MPH)
|
|
Batting: RHB Bradley Baker
|
0-0: Ball 1-0: Foul Ball, location: 2F 1-1: Foul Ball, location: 2F 1-2: Ball 2-2: Fly out, F1 (Line Drive, P, EV 59.4 MPH)
|
|
Batting: RHB Mike Anicich
|
0-0: Foul Ball, location: 2F 0-1: Ball 1-1: Foul Ball, location: 2F 1-2: Foul Ball, location: 2F 1-2: Strikes out swinging
|
| Bottom of the 8th over - 0 runs, 0 hits, 0 errors, 1 left on base; Albuquerque 2 - El Paso 11 |
| TOP OF THE 9TH |
|
Albuquerque Dukes batting - Pitching for El Paso Sun Kings : LHP Calvin Riggar
|
|
Batting: RHB Kevin Harvey
|
0-0: Ball 1-0: Swinging Strike 1-1: Foul Ball, location: 2F 1-2: Strikes out looking
|
|
Batting: LHB Andres Romero
|
0-0: Ball 1-0: Ball 2-0: Ball 3-0: Base on Balls
|
|
Batting: RHB Edward Gates
|
0-0: Ball 1-0: Foul Ball, location: 2F 1-1: Fly out, F5 (Flyball, 56D, EV 77.5 MPH)
|
|
Batting: LHB Matthew Henderson
|
0-0: Foul Ball, location: 2F 0-1: Ground out 1-3 (Groundball, P, EV 66.3 MPH)
|
| Top of the 9th over - 0 runs, 0 hits, 0 errors, 1 left on base; Albuquerque 2 - El Paso 11 |
|